 Dungeon Crawl Stone Soup version 0.27-a0-1256-gced786f65e (webtiles) character file.

Game seed: 4784074804262717515

433 tilp the Caller (level 7, 0/54 HPs)
             Began as a Barachi Summoner on June 10, 2021.
             Was an Initiate of Okawaru.
             Slain by an orc warrior
             ... wielding a +4 hand axe
              (18 damage)
             ... on level 4 of the Dungeon.
             The game lasted 00:07:22 (6019 turns).

tilp the Caller (Barachi Summoner)                  Turns: 6019, Time: 00:07:22

Health: 0/54       AC:  5    Str: 11    XL:     7   Next: 0%
Magic:  1/11       EV: 12    Int: 15    God:    Okawaru [......]
Gold:   234        SH:  0    Dex: 13    Spells: 6/12 levels left

rFire    . . .     SeeInvis .   a - +1 hand axe (elec)
rCold    . . .     Faith    .   (no shield)
rNeg     . . .     Spirit   .   n - +0 troll leather armour
rPois    .         Reflect  .   (no helmet)
rElec    .         Harm     .   (no cloak)
rCorr    .         Rampage  .   o - +0 pair of gloves
Will     .....                  (no boots)
Stlth    ++........             (no amulet)
HPRegen  1.18/turn              (no ring)
MPRegen  0.12/turn              (no ring)

@: mighty, unable to hop, slow
A: amphibious, slowness 1, strong legs 1, +LOS
a: Hop, Renounce Religion


You were on level 4 of the Dungeon.
You worshipped Okawaru.
Okawaru was noncommittal.
You visited 2 branches of the dungeon, and saw 6 of its levels.

You collected 234 gold pieces.

Inventory:

Hand Weapons
 a - a +1 hand axe of electrocution (weapon)
 b - a +1 vorpal hand axe
 i - a +0 war axe
 k - a +0 mace of draining
Missiles
 h - 3 atropa-tipped darts
Armour
 c - a +1 robe
 l - a +0 scale mail of cold resistance
 n - a +0 troll leather armour (worn)
 o - a +0 pair of gloves (worn)
Wands
 d - a wand of digging (4)
 q - a wand of iceblast (5)
 r - a wand of acid (10)
Scrolls
 e - 2 scrolls of vulnerability
 j - a scroll of fog
 p - a scroll of identify
Potions
 f - a potion of might
 m - 2 potions of curing


   Skills:
 - Level 4.0 Fighting
 - Level 4.0 Dodging
 - Level 4.0 Stealth
 - Level 3.0 Spellcasting
 - Level 6.0 Summonings
 + Level 0.2 Invocations


You had 6 spell levels left.
You knew the following spells:

 Your Spells              Type           Power      Damage    Failure   Level
a - Summon Small Mammal   Summ           80%        N/A       2%          1
b - Call Imp              Summ           20%        N/A       3%          2
c - Call Canine Familiar  Summ           20%        N/A       7%          3

Your spell library contained the following spells:

 Spells                   Type           Power      Damage    Failure   Level
 Summon Guardian Golem    Hex/Summ       11%        N/A       22%         3
 Sandblast                Erth           4%         2d4       26%         1
 Passwall                 Tmut/Erth      1%         N/A       36%         2
 Summon Ice Beast         Ice/Summ       11%        N/A       58%         4
 Summon Lightning Spire   Summ/Air       11%        N/A       58%         4
 Stone Arrow              Conj/Erth      4%         3d7       61%         3
 Petrify                  Tmut/Erth      2%         N/A       95%         4
 Lee's Rapid Deconstruct  Erth           1%         3d5*      100%        5


Dungeon Overview and Level Annotations

Branches:
Dungeon (5/15)             Temple (1/1) D:4

Altars:
Ashenzari
Makhleb
Okawaru
Ru
Uskayaw
Wu Jian
Xom
Yredelemnul
The Shining One

Shops:
D:3 [

Annotations:
D:3 Sigmund


Innate Abilities, Weirdness & Mutations

You are amphibious.
You cover ground slowly.
You can hop short distances.
You have an extended range of vision and can be seen from far away.


Message History

A beastly little devil appears in a puff of flame.
Your hound bites the orc warrior.
Your crimson imp hits the orc warrior but does no damage.
The orc warrior hits your crimson imp with a +4 hand axe!
Your crimson imp dies!
The orc warrior hits your hound with a +4 hand axe!
Your crimson imp blinks!
Casting: Call Imp (safe; 3% risk of failure)
Confirm with . or Enter, or press ? or * to list all spells.
A beastly little devil appears in a puff of flame.
Your hound barely misses the orc warrior.
Your crimson imp blinks!
Your hound closely misses the orc warrior.
Unknown command.
Okay, then.
You feel very mighty all of a sudden.
Your hound bites the orc warrior.
Your crimson imp hits the orc warrior.
Unknown command.
You swap places.
Your hound closely misses the orc warrior.
The orc warrior hits you with a +4 hand axe!
The orc warrior hits your hound with a +4 hand axe!
Your hound dies!
Your hound's corpse disappears in a puff of smoke!
The orc warrior hits your crimson imp with a +4 hand axe!
Your crimson imp blinks! x3
The orc warrior closely misses you.
Aiming: Corrosive Bolt
Press: ? - help, Shift-Dir - straight line The bolt of acid misses the orc warrior.
The orc warrior hits you with a +4 hand axe!
* * * LOW HITPOINT WARNING * * *
Unknown command.
Unknown command.
Aiming: Corrosive Bolt
Press: ? - help, Shift-Dir - straight line The bolt of acid hits the orc warrior!
The orc warrior is splashed with acid.
The orc warrior is almost dead.
The orc warrior hits you with a +4 hand axe!!
You die...

# ##.............#
##.............
##..###.........
###..## ##........
######..### ###......
###########......##
##.....
.................5##
##......
...........5.......#
##.......
..÷.........###§@§.##
##........
##..###....##
###o5.####.........
##......###
##§..##.........#
##....##
##...#..........
##.###
###>........... #..#
##........... ##.#
###......... ###
##.......# ##....###


You could see an orc warrior (ally target) and 3 friendly crimson imps.

Vanquished Creatures
  An ice beast (D:4)
  A gnoll shaman (D:4)
  2 orc priests (D:4)
  A bullfrog skeleton (D:4)
  A hound zombie (D:4)
  2 gnolls (D:4)
  A howler monkey skeleton (D:4)
  A white imp (D:5)
  5 orcs
  2 ball pythons
  3 bats
  6 endoplasms
  2 giant cockroaches (D:4)
  7 hobgoblins
  A jackal (D:2)
  4 kobolds
  A quokka (D:3)
  3 goblins
  2 rats
46 creatures vanquished.

Vanquished Creatures (collateral kills)
  A necrophage (D:4)
  A scorpion (D:4)
  Jessica (D:2)
  4 gnolls
  An adder (D:4)
  An adder skeleton (D:4)
  A worm (D:2)
  2 dart slugs (D:1)
  3 orcs (D:4)
  4 ball pythons
  2 bats (D:1)
  3 endoplasms (D:1)
  2 goblins (D:1)
  2 hobgoblins
  7 kobolds
  A quokka (D:1)
  A frilled lizard (D:1)
  A rat (D:1)
38 creatures vanquished.

Grand Total: 84 creatures vanquished

Notes
Turn   | Place    | Note
-------+----------+-------------------------------------------
     0 | D:1      | tilp the Barachi Summoner began the quest for the Orb.
     0 | D:1      | Reached XP level 1. HP: 13/13 MP: 3/3
   106 | D:1      | Reached skill level 1 in Fighting
   325 | D:1      | Reached XP level 2. HP: 22/22 MP: 1/5
   439 | D:1      | Learned a level 2 spell: Call Imp
   893 | D:1      | Found a faded altar of an unknown god.
  1109 | D:1      | Reached skill level 5 in Summonings
  1953 | D:1      | Reached XP level 3. HP: 27/27 MP: 1/6
  1957 | D:1      | Learned a level 3 spell: Call Canine Familiar
  2689 | D:2      | Noticed Jessica
  3371 | D:2      | Killed Jessica
  3608 | D:3      | Reached XP level 4. HP: 20/33 MP: 0/8
  4030 | D:3      | Found Zaddyili's Armour Shop.
  4039 | D:3      | Reached skill level 6 in Summonings
  4329 | D:3      | Noticed Sigmund
  4578 | D:4      | Noticed a necrophage
  4587 | D:4      | Killed a necrophage
  4588 | D:4      | Reached XP level 5. HP: 38/39 MP: 1/9
  4717 | D:4      | Reached XP level 6. HP: 43/47 MP: 2/10
  4929 | D:4      | Found a staircase to the Ecumenical Temple.
  4954 | Temple   | Entered the Ecumenical Temple
  5163 | Temple   | Became a worshipper of Warmaster Okawaru
  5744 | D:4      | Noticed an ice beast
  5754 | D:4      | Killed an ice beast
  5996 | D:5      | Entered Level 5 of the Dungeon
  5998 | D:5      | Noticed an orc warrior
  6008 | D:5      | Reached XP level 7. HP: 33/54 MP: 11/11
  6019 | D:4      | Slain by an orc warrior

Illustrated notes

Levels and vault maps discovered:
D:1:      heliophobic_arrival_battle_scene, layout_loops_corners,
          ebering_ecumenical_altar_abandoned, hex_large
D:2:      layout_rooms, serial_glass, glass_columns_a, glass_columns_a,
          minmay_3d_cube, uniq_jessica
D:3:      layout_rooms, serial_shops, shop, minmay_crystal_room, uniq_sigmund
D:4:      layout_cave_pods, minmay_temple_entry_offerings
D:5:      layout_loops_ring, lemuel_flame_loot_1
Temple:   compressed_dpeg_triangle_lava_temple

Skill      XL: |  1  2  3  4  5  6 |
---------------+-------------------+-----
Fighting       | 1 2 3 4 |  4.0
Summonings     | 5 6 |  6.0
Spellcasting   | 3 |  3.0
Stealth        | 2 4 |  4.0
Dodging        | 3 4 |  4.0
Invocations    | |  0.2

Action                   |  1- 3 |  4- 6 |  7- 9 || total
-------------------------+-------+-------+-------++-------
Melee: Dagger            |    61 |       |       ||    61
       Unarmed           |     4 |       |       ||     4
       Flail             |    28 |       |       ||    28
       Hand axe          |     2 |    75 |       ||    77
 Cast: Summon Small Mamm |    21 |     1 |       ||    22
       Call Imp          |    35 |    19 |     4 ||    58
       Call Canine Famil |     2 |     8 |     1 ||    11
 Abil: Hop               |       |       |     1 ||     1
Evoke: Wand              |       |       |     2 ||     2
  Use: Scroll            |     7 |     3 |       ||    10
       Potion            |       |       |     1 ||     1
 Stab: Sleeping          |     2 |     1 |       ||     3
       Distracted        |       |     1 |       ||     1
Armor: Robe              |    18 |     7 |       ||    25
       Troll leather arm |       |    19 |       ||    19
Dodge: Dodged            |    74 |    49 |     1 ||   124

Table legend: (Time is in decaauts)
 A = Elapsed time spent in this place.
 B = Non-inter-level travel time spent in this place.
 C = Inter-level travel time spent in this place.
 D = Time resting spent in this place.
 E = Time spent auto-exploring this place.
 F = Levels seen in this place.
 G = Mean time per level.
                   A        B        C        D        E       F      G
               +--------+--------+--------+--------+--------+-----+--------+
         Total |   6575 |   6321 |    254 |   1360 |   4123 |   6 | 1095.8 |
       Dungeon |   6317 |   6079 |    238 |   1360 |   3883 |   5 | 1263.4 |
        Temple |    257 |    241 |     16 |      0 |    239 |   1 |  257.0 |
               +--------+--------+--------+--------+--------+-----+--------+

Top non-repeatable levels by time:
     D:1: 2764 daAuts
     D:2: 1511 daAuts
     D:4: 1418 daAuts
     D:3: 608 daAuts
  Temple: 257 daAuts
     D:5: 15 daAuts
